 Dungeon Crawl Stone Soup version 0.31-a0-165-g3f4f80340b (webtiles) character file.

Game seed: 17246663958920167158

1654 qw the Cleaver (level 9, -5/55 HPs)
             Began as a Gargoyle Fighter on June 13, 2023.
             Slain by a two-headed ogre
             ... wielding a +0 giant spiked club
              (10 damage)
             ... on level 7 of the Dungeon.
             The game lasted 00:02:34 (4987 turns).

qw the Cleaver (Gargoyle Fighter)                   Turns: 4987, Time: 00:02:35

Health: -5/55      AC: 23    Str: 24    XL:     9   Next: 0%
Magic:  9/9        EV:  9    Int:  9    God:
Gold:   312        SH: 12    Dex:  9    Spells: 8/8 levels left

rFire   . . .        Y - +2 war axe (heavy)
rCold   . . .        t - +0 tower shield
rNeg    + . .        g - +0 plate armour
rPois   inf          (no helmet)
rElec   +            (no cloak)
rCorr   .            k - +0 pair of gloves
SInv    .            (no boots)
Will    .....        (no amulet) Stlth
                     i - +4 ring of protection
HPRegen 0.29/turn    l - +5 ring of evasion
MPRegen 0.11/turn

%: no passive effects
@: no status effects
A: sickness immunity, AC +6, negative energy resistance 1, electricity
resistance, torment resistance 1, petrification resistance
a: no special abilities


You were on level 7 of the Dungeon.
You visited 1 branch of the dungeon, and saw 7 of its levels.

You collected 312 gold pieces.


Innate Abilities, Weirdness & Mutations

You are immune to sickness and miasma.
Your stone body is resilient. (AC +6)
You are immune to poison.
You resist negative energy. (rN+)
You are resistant to electric shocks. (rElec)
You are resistant to unholy torment.
You are immune to petrification.


   Skills:
 - Level 6.0 Fighting
 - Level 8.2 Axes
 - Level 2.0 Throwing
 - Level 4.4 Armour
 - Level 1.1 Dodging
 + Level 4.4 Shields


You had 8 spell levels left.
You didn't know any spells.
Your spell library was empty.

Inventory:

Hand Weapons
 n - a +1 flail of protection
 Y - a +2 heavy war axe (weapon)
Missiles
 o - 8 boomerangs (quivered)
Armour
 g - a +0 plate armour (worn)
 k - a +0 pair of gloves (worn)
 t - a +0 tower shield (worn)
Jewellery
 i - a +4 ring of protection (left hand)
 l - a +5 ring of evasion (right hand)
Scrolls
 a - a scroll of identify
Potions
 b - a potion of attraction
 d - a potion of might
 e - 3 potions of lignification
 f - a potion of haste
 j - a potion of magic
 p - a potion of enlightenment {unknown}
 u - a potion of curing

Dungeon Overview and Level Annotations

Branches:
Dungeon (7/15)
 Temple: D:4-7

Altars:
Ashenzari
Gozag
Qazlal
Vehumet
Wu Jian
The Shining One

Annotations:
D:2 1 runed translucent door, Crazy Yiuf
D:3 exclusion: 2 dart slugs
D:5 2 runed translucent doors


Message History

You slice the bullfrog!!
You kill the bullfrog!
Something completely misses you.
Your Shields skill increases to level 4!
You have reached level 9!
Your experience leads to an increase in your attributes!
Increase (S)trength, (I)ntelligence, or (D)exterity?
You feel stronger. x2
You enter the shallow water.
Moving in this stuff is going to be slow.
Your unstable footing causes you to fumble your attack.
Something hits you but does no damage.
The electric eel shoots out a bolt of lightning at you!
The bolt of electricity hits you. You resist.
You hear a splashing noise.
The electric eel shoots out a bolt of lightning at you!
The bolt of electricity hits you. You resist.
The two-headed ogre hits you but does no damage.
The two-headed ogre hits you with a +0 giant club.
4984 ||| Stepping ~*~*~tactically~*~*~ (water).
Found a whip, 2 throwing nets and a pair of boots.
Something hits you.
You slice the two-headed ogre!!
The two-headed ogre is heavily wounded.
Something hits you but does no damage. You block the two-headed ogre's attack.
The two-headed ogre hits you with a +0 giant club!
4986 ||| DRINKING potion of heal wounds.
You feel much better. Something hits you.
Something hits you but does no damage.
You barely miss the two-headed ogre.
The two-headed ogre is heavily wounded.
You slash the electric eel! You miss something. Something hits you.
Something hits you but does no damage.
The electric eel shoots out a bolt of lightning at you!
The bolt of electricity hits you but does no damage.
You resist.
The two-headed ogre hits you with a +0 giant spiked club!!
The two-headed ogre hits you but does no damage. x2
The two-headed ogre hits you with a +0 giant club!
You die...

~~~# .~~~~~#
.~~~~~~##
.~~~~~~~##
.~~~~~~~~#
.~~~~~~~~###
(~~~~~~{~#.#
.........'<#
.......@.'.#
.~~~~~~OS#.#
)~~~~~~~~#.#
.~~~~~~~~#.#
.~~~~~~~##..
.~~~~~~##...
[~~~~~# ..#.
.~~~~# ~~~#


You could see a two-headed ogre and an electric eel.

Vanquished Creatures
  Grinder (D:5)
  Edmund (D:6)
  An ice beast (D:6)
  A centaur (D:6)
  A phantom (D:4)
  A bullfrog (D:7)
  2 gnoll sergeants (D:6)
  A scorpion (D:4)
  3 wights (D:6)
  3 howler monkeys
  2 electric eels (D:7)
  4 hounds
  2 orc priests
  A jelly (D:5)
  An iguana (D:6)
  Natasha (thrice) (D:4)
  2 orc wizards
  3 gnolls (D:2)
  4 adders
  A white imp (D:6)
  An ufetubus (D:5)
  A worm (D:4)
  2 dart slugs
  10 orcs
  10 endoplasms
  A giant cockroach (D:2)
  8 hobgoblins
  6 kobolds
  2 quokkas
  3 ball pythons
  7 bats
  2 frilled lizards
  8 goblins
  4 rats
103 creatures vanquished.

Vanquished Creatures (others)
  An orc (D:3)
1 creature vanquished.

Grand Total: 104 creatures vanquished

Notes
Turn   | Place    | Note
-------+----------+-------------------------------------------
     0 | D:1      | qw the Gargoyle Fighter began the quest for the Orb.
     0 | D:1      | Reached XP level 1. HP: 14/14 MP: 1/1
     0 | D:1      | 0 ||| qw: Version: 0.2-a-29-gc1b59c4
     0 | D:1      | 0 ||| qw: Game counter: 4636
     0 | D:1      | 0 ||| qw: Always use a shield: true
     0 | D:1      | 0 ||| qw: God list: Okawaru
     0 | D:1      | 0 ||| qw: Allow faded altars: false
     0 | D:1      | 0 ||| qw: Do Orc after D:15 true
     0 | D:1      | 0 ||| qw: Do second Lair branch before Depths: true
     0 | D:1      | 0 ||| qw: Lair rune preference: random
     0 | D:1      | 0 ||| qw: Plans: Normal, Zot:1-4, Slime:5, God:TSO, Crypt,
                  | Tomb, Abyss, Pan, Hells, Win
     0 | D:1      | 0 ||| PLANNING D:1-11
   106 | D:1      | Reached skill level 2 in Axes
   228 | D:1      | Reached XP level 2. HP: 19/19 MP: 2/2
   262 | D:1      | 262 ||| Stepping ~*~*~tactically~*~*~ (stealth).
   323 | D:1      | 323 ||| Stepping ~*~*~tactically~*~*~ (stealth).
   330 | D:1      | 330 ||| FLEEEEING.
   331 | D:1      | 331 ||| FLEEEEING.
   332 | D:1      | 332 ||| FLEEEEING.
   333 | D:1      | 333 ||| FLEEEEING.
   334 | D:1      | 334 ||| FLEEEEING.
   650 | D:1      | 650 ||| DROPPING +0 club.
   729 | D:1      | Found a faded altar of an unknown god.
   733 | D:1      | 733 ||| UPGRADING to +0 pair of gloves.
   738 | D:1      | 738 ||| UPGRADING to +4 ring of protection.
   739 | D:1      | 739 ||| UPGRADING to +5 ring of evasion.
   740 | D:1      | 740 ||| DROPPING +6 ring of dexterity.
   741 | D:1      | 741 ||| READING 3 scrolls labelled CORUV AKOTUODAREMU.
   742 | D:1      | 742 ||| READING scroll labelled ETUB GIUKEVA.
   743 | D:1      | 743 ||| READING 2 scrolls of identify.
   743 | D:1      | 743 ||| IDENTIFYING dark potion
   794 | D:1      | Reached skill level 3 in Axes
   828 | D:2      | Found a broken altar of Ashenzari.
   873 | D:2      | Reached XP level 3. HP: 23/23 MP: 3/3
   894 | D:2      | 894 ||| Stepping ~*~*~tactically~*~*~ (stealth).
   925 | D:2      | 925 ||| Stepping ~*~*~tactically~*~*~ (hiding).
   993 | D:2      | 993 ||| Stepping ~*~*~tactically~*~*~ (stealth).
   995 | D:2      | 995 ||| Stepping ~*~*~tactically~*~*~ (stealth).
   998 | D:2      | 998 ||| Stepping ~*~*~tactically~*~*~ (stealth).
  1000 | D:2      | 1000 ||| Stepping ~*~*~tactically~*~*~ (hiding).
  1013 | D:2      | Reached XP level 4. HP: 24/28 MP: 4/4
  1018 | D:2      | Reached skill level 4 in Axes
  1021 | D:2      | 1021 ||| Stepping ~*~*~tactically~*~*~ (stealth).
  1030 | D:2      | 1030 ||| DROPPING +0 whip.
  1216 | D:2      | Found a runed translucent door.
  1217 | D:2      | Noticed Crazy Yiuf
  1360 | D:2      | 1360 ||| Stepping ~*~*~tactically~*~*~ (stealth).
  1537 | D:2      | 1537 ||| UPGRADING to +0 plate armour.
  1547 | D:2      | 1547 ||| DROPPING +0 scale mail.
  1548 | D:2      | 1548 ||| DRINKING 2 fuming blue potions.
  1715 | D:3      | Found a radiant altar of Vehumet.
  1817 | D:3      | Found an opulent altar of Gozag.
  1828 | D:3      | 1828 ||| READING scroll labelled WIFOST SOPSESCHE.
  1844 | D:3      | 1844 ||| FLEEEEING.
  1845 | D:3      | 1845 ||| FLEEEEING.
  1846 | D:3      | 1846 ||| FLEEEEING.
  1851 | D:3      | 1851 ||| STAIRDANCE
  1918 | D:3      | 1918 ||| Stepping ~*~*~tactically~*~*~ (hiding).
  2027 | D:3      | Found a stormy altar of Qazlal.
  2057 | D:3      | 2057 ||| Stepping ~*~*~tactically~*~*~ (hiding).
  2069 | D:3      | 2069 ||| DRINKING potion of curing.
  2069 | D:3      | 2069 ||| (to cure confusion)
  2073 | D:3      | Reached XP level 5. HP: 21/32 MP: 5/5
  2157 | D:3      | Reached skill level 5 in Axes
  2254 | D:3      | Found a glowing golden altar of the Shining One.
  2546 | D:3      | 2546 ||| READING 2 scrolls of identify.
  2546 | D:3      | 2546 ||| IDENTIFYING grey potion
  2638 | D:4      | 2638 ||| Stepping ~*~*~tactically~*~*~ (stealth).
  2665 | D:4      | HP: 4/33 [orc priest/divine providence (8)]
  2666 | D:4      | Reached XP level 6. HP: 5/38 MP: 6/6
  2804 | D:4      | Noticed Natasha
  2805 | D:4      | 2805 ||| Stepping ~*~*~tactically~*~*~ (hiding).
  2812 | D:4      | Killed Natasha
  2965 | D:4      | 2965 ||| Stepping ~*~*~tactically~*~*~ (stealth).
  3101 | D:4      | Noticed Natasha
  3102 | D:4      | 3102 ||| Stepping ~*~*~tactically~*~*~ (hiding).
  3103 | D:4      | 3103 ||| Stepping ~*~*~tactically~*~*~ (hiding).
  3105 | D:4      | 3105 ||| Stepping ~*~*~tactically~*~*~ (hiding).
  3106 | D:4      | 3106 ||| Stepping ~*~*~tactically~*~*~ (hiding).
  3108 | D:4      | 3108 ||| Stepping ~*~*~tactically~*~*~ (hiding).
  3109 | D:4      | 3109 ||| Stepping ~*~*~tactically~*~*~ (hiding).
  3121 | D:4      | Killed Natasha
  3193 | D:4      | Noticed Natasha
  3196 | D:4      | Killed Natasha
  3201 | D:4      | 3201 ||| FLEEEEING.
  3309 | D:4      | Reached skill level 6 in Axes
  3385 | D:4      | Reached XP level 7. HP: 43/43 MP: 7/7
  3439 | D:4      | 3439 ||| Stepping ~*~*~tactically~*~*~ (stealth).
  3466 | D:4      | 3466 ||| DRINKING 2 ruby potions.
  3467 | D:4      | 3467 ||| READING 3 scrolls of identify.
  3467 | D:4      | 3467 ||| IDENTIFYING glowing purple potion
  3468 | D:4      | 3468 ||| READING 2 scrolls of identify.
  3468 | D:4      | 3468 ||| IDENTIFYING green potion
  3469 | D:4      | 3469 ||| DROPPING potion of degeneration.
  3488 | D:5      | Entered Level 5 of the Dungeon
  3558 | D:5      | Noticed Grinder
  3575 | D:5      | Paralysed by Grinder for 3 turns
  3581 | D:5      | 3581 ||| Stepping ~*~*~tactically~*~*~ (hiding).
  3582 | D:5      | 3582 ||| Stepping ~*~*~tactically~*~*~ (hiding).
  3590 | D:5      | Paralysed by Grinder for 5 turns
  3603 | D:5      | Killed Grinder
  3604 | D:5      | Reached skill level 7 in Axes
  3692 | D:5      | Found a runed translucent door.
  3700 | D:5      | Found a runed translucent door.
  3956 | D:5      | Reached XP level 8. HP: 49/49 MP: 8/8
  4019 | D:5      | 4019 ||| READING 3 scrolls of identify.
  4019 | D:5      | 4019 ||| IDENTIFYING lumpy brown potion
  4020 | D:5      | 4020 ||| READING 2 scrolls of identify.
  4020 | D:5      | 4020 ||| IDENTIFYING bubbling cyan potion
  4021 | D:5      | 4021 ||| DROPPING potion of berserk rage.
  4123 | D:6      | Found an ornate altar of the Wu Jian Council.
  4179 | D:6      | Noticed Edmund
  4192 | D:6      | Killed Edmund
  4257 | D:6      | 4257 ||| DROPPING +0 flail.
  4320 | D:6      | 4320 ||| SWAPPING to +2 heavy war axe.
  4321 | D:6      | 4321 ||| DROPPING +0 war axe.
  4325 | D:6      | Reached skill level 1 in Dodging
  4371 | D:6      | 4371 ||| Stepping ~*~*~tactically~*~*~ (hiding).
  4372 | D:6      | 4372 ||| Stepping ~*~*~tactically~*~*~ (hiding).
  4387 | D:6      | Reached skill level 8 in Axes
  4579 | D:6      | 4579 ||| Stepping ~*~*~tactically~*~*~ (stealth).
  4643 | D:6      | 4643 ||| Stepping ~*~*~tactically~*~*~ (stealth).
  4644 | D:6      | 4644 ||| Stepping ~*~*~tactically~*~*~ (stealth).
  4648 | D:6      | Reached skill level 6 in Fighting
  4914 | D:6      | 4914 ||| UPGRADING to +0 kite shield.
  4924 | D:6      | 4924 ||| DROPPING +0 buckler.
  4925 | D:6      | 4925 ||| UPGRADING to +0 tower shield.
  4935 | D:6      | 4935 ||| DROPPING +0 kite shield.
  4936 | D:6      | 4936 ||| READING scroll labelled ZOHUOM ACOTI.
  4940 | D:6      | 4940 ||| READING scroll labelled YGEIT PEHEAN.
  4979 | D:7      | Noticed a two-headed ogre
  4982 | D:7      | Reached XP level 9. HP: 25/55 MP: 9/9
  4984 | D:7      | 4984 ||| Stepping ~*~*~tactically~*~*~ (water).
  4985 | D:7      | HP: 6/55 [two-headed ogre/+0 giant spiked club (12)]
  4986 | D:7      | 4986 ||| DRINKING potion of heal wounds.
  4987 | D:7      | Slain by a two-headed ogre

Levels and vault maps discovered:
D:1:      shiori_arrival_whats_in_store_for_you, layout_loops_ring,
          shapermc_ecumenical_altar_petra, minmay_tetromino_i2
D:2:      layout_basic, basic_altar, minmay_distorted, uniq_crazy_yiuf_cottage
D:3:      layout_rooms, mainiacjoe_overflow_paths, overflow_temple_1_default,
          mainiacjoe_overflow_concentric_impassable, lemuel_tele_altar,
          kennysheep_boxes
D:4:      layout_rooms, supply_closet_lemuel, uniq_natasha
D:5:      lemuel_insect_pit, layout_rooms, serial_aquarium,
          aquarium_bridge_square [aquarium_subvault_window,
          aquarium_subvault_bridge, aquarium_subvault_bridge,
          aquarium_subvault_bridge], aquarium_window_corner,
          aquarium_window_double, aquarium_view_2f, aquarium_pool_2,
          uniq_grinder
D:6:      layout_basic, lemuel_crystal_altar, st_stairs_5, uniq_edmund
D:7:      kennysheep_big_flooded_room, layout_rooms,
          minmay_temple_entry_proselytizer, lightli_corner_chamber

Skill      XL: |  1  2  3  4  5  6  7  8 |
---------------+-------------------------+-----
Axes           | 2 3 4 5 6 7 8 |  8.2
Fighting       | 4 5 6 |  6.0
Armour         | 4 |  4.4
Throwing       | 2 |  2.0
Dodging        | 1 |  1.1
Shields        | 4 |  4.4

Action                     |  1- 3 |  4- 6 |  7- 9 || total
---------------------------+-------+-------+-------++-------
  Melee: War axe           |    89 |   157 |   111 ||   357
  Throw: Boomerang         |       |    19 |    30 ||    49
    Use: Scroll            |     3 |     2 |     6 ||    11
         Potion            |       |     2 |     2 ||     4
 Armour: Scale mail        |    35 |    13 |       ||    48
         Plate armour      |       |    95 |    89 ||   184
  Dodge: Dodged            |    44 |    78 |    61 ||   183
  Block: Buckler           |    14 |    28 |    20 ||    62
         Tower shield      |       |       |     2 ||     2

Table legend:
 A = Non-vault XP
 B = Vault XP
 C = Vault XP percentage of total XP
 D = Non-vault monster count
 E = Vault monster count
 F = Vault count percentage of total count
                 A         B        C        D         E       F
            +---------+---------+-------+---------+---------+-------
      Total |    1605 |     758 |  32.1 |      98 |       6 |   5.8
            +---------+---------+-------+---------+---------+-------
        D:1 |      31 |       0 |   0.0 |      20 |       0 |   0.0
        D:2 |      82 |       0 |   0.0 |      21 |       0 |   0.0
        D:3 |     115 |       0 |   0.0 |      15 |       0 |   0.0
        D:4 |     491 |      35 |   6.7 |      25 |       1 |   3.8
        D:5 |     177 |     277 |  61.0 |       5 |       1 |  16.7
        D:6 |     512 |     446 |  46.6 |       9 |       4 |  30.8
        D:7 |     197 |       0 |   0.0 |       3 |       0 |   0.0
            +---------+---------+-------+---------+---------+-------
